 Dungeon Crawl Stone Soup version 0.30.1-3-gfc49f6343a (webtiles) character file.

Game seed: 14044433458444900389

4 booth the Trooper (level 1, 0/18 HPs)
             Began as a Demonspawn Monk on Aug 7, 2023.
             Was a Priest of Cheibriados.
             Slain by a hobgoblin (3 damage)
             ... on level 1 of the Dungeon.
             The game lasted 00:03:23 (280 turns).

booth the Trooper (Demonspawn Monk)                  Turns: 280, Time: 00:03:23

Health: 0/18       AC:  3    Str: 17    XL:     1   Next: 50%
Magic:  1/1        EV: 13    Int: 17    God:    Cheibriados [***...]
Gold:   9          SH:  0    Dex: 21    Spells: 0/0 levels left

rFire   + . .        a - +0 hand axe
rCold   . . .        d - orb {light}
rNeg    . . .        b - +0 robe
rPois   .            (no helmet)
rElec   .            (no cloak)
rCorr   .            (no gloves)
SInv    .            h - +0 pair of boots
Will    .....        (no amulet)
Stlth   +            f - ring of protection from fire
HPRegen 0.23/turn    (no ring)
MPRegen 0.07/turn

%: no passive effects
@: glowing, very slow
A: no striking features
a: Renounce Religion, Bend Time, Temporal Distortion


You were on level 1 of the Dungeon.
You worshipped Cheibriados.
Cheibriados was most pleased with you.
You visited 1 branch of the dungeon, and saw 1 of its levels.

You collected 9 gold pieces.

Inventory:

Hand Weapons
 a - a +0 hand axe (weapon)
Armour
 b - a +0 robe (worn)
 d - an orb of light (worn)
 h - a +0 pair of boots (worn)
Jewellery
 f - a ring of protection from fire (left hand)
Scrolls
 g - a scroll of teleportation {unknown}
Potions
 c - a potion of ambrosia
 e - 3 potions of attraction {unknown}


   Skills:
 + Level 3.0 Fighting
 * Level 2.8 Axes
 + Level 2.7 Dodging
 + Level 0.1 Stealth
 + Level 0.2 Invocations


You couldn't memorise any spells.
You didn't know any spells.
Your spell library was empty.

Dungeon Overview and Level Annotations

Branches:
Dungeon (1/15)

Altars:
Cheibriados


Message History

You finish putting on your +0 pair of boots.
Found a ring mail.
Found 9 gold pieces.
You see here a +0 ring mail.
You now have 9 gold pieces.
A hobgoblin comes into view.
You enter the shallow water.
Moving in this stuff is going to be slow.
The hobgoblin shouts!
A hobgoblin comes into view.
You enter the shallow water.
Moving in this stuff is going to be slow.
The hobgoblin misses you. The hobgoblin hits you. x2
You are too injured to fight recklessly!
You enter the shallow water.
Moving in this stuff is going to be slow.
The hobgoblin closely misses you. The hobgoblin hits you.
The hobgoblin hits you but does no damage.
The hobgoblin closely misses you. x2
The hobgoblin hits you but does no damage.
You enter the shallow water.
Moving in this stuff is going to be slow.
The hobgoblin misses you. The hobgoblin hits you.
The hobgoblin hits you but does no damage. x2
The hobgoblin hits you. The hobgoblin barely misses you.
The hobgoblin hits you.
* * * LOW HITPOINT WARNING * * *
The hobgoblin hits you but does no damage.
You hit the hobgoblin.
The hobgoblin is severely wounded.
You barely miss the hobgoblin. The hobgoblin barely misses you.
The hobgoblin misses you.
You hit the hobgoblin.
You kill the hobgoblin!
Cheibriados appreciates the change of pace.
You hit the hobgoblin. The hobgoblin hits you.
* * * LOW HITPOINT WARNING * * *
The hobgoblin hits you.
You die...

#######.....#
#≈######.# .
≈≈≈## #.# ##
#≈≈# #.#
##≈≈###.#
##.≈≈..#.#
##.~≈≈....#
#~†.~~..#.#
#@~..~..#...
#~g~....#..##
#~.~≈≈..#..#
#...≈~~.#..#
#..~.≈~.#...
#.~.........
#...~~..#.
#~..≈~...


You could see a hobgoblin.

Vanquished Creatures
  A bat (D:1)
  A hobgoblin (D:1)
  A frilled lizard (D:1)
  A goblin (D:1)
  2 rats (D:1)
6 creatures vanquished.

Notes
Turn   | Place    | Note
-------+----------+-------------------------------------------
     0 | D:1      | booth the Demonspawn Monk began the quest for the Orb.
     0 | D:1      | Reached XP level 1. HP: 18/18 MP: 1/1
    29 | D:1      | Found a faded altar of an unknown god.
    37 | D:1      | Prayed at the altar of an unknown god.
    37 | D:1      | Became a worshipper of Cheibriados the Contemplative
    37 | D:1      | Reached * piety under Cheibriados
    37 | D:1      | Reached ** piety under Cheibriados
   202 | D:1      | Reached *** piety under Cheibriados
   280 | D:1      | Slain by a hobgoblin

Illustrated notes

Levels and vault maps discovered:
D:1:      grunt_arrival_crossed_arrows, layout_loops_ring,
          ebering_ecumenical_altar_box, chequers_serial_rivers_small_3,
          minmay_misc_feat_more_columns, chequers_serial_rivers_large_b

Action                     || total
---------------------------++-------
  Melee: Hand axe          ||    11
 Armour: Robe              ||     5
  Dodge: Dodged            ||    16
